 Dungeon Crawl Stone Soup version 0.16.1-2-g95b8d4c (webtiles) character file.

277 wojtek the Slicer (level 6, 0/35 HPs)
             Began as a Kobold Assassin on Mar 24, 2015.
             Slain by an orc
             ... wielding a +0 hand axe
              (1 damage)
             ... on level 3 of the Dungeon.
             The game lasted 00:05:30 (3417 turns).

wojtek the Slicer (Kobold Assassin)                 Turns: 3417, Time: 00:05:30

Health: 0/35       AC:  5    Str:  9    XL:     6   Next: 51%
Magic:  6/6        EV: 14    Int: 11    God:
Gold:   88         SH:  0    Dex: 18    Spells: 0 memorised, 5 levels left

rFire  . . .     SeeInvis .     b - +0 blowgun
rCold  . . .     Clarity  .     c - +0 robe
rNeg   . . .     SustAb   .     (no shield)
rPois  .         Gourm    .     n - +0 helmet
rElec  .         Spirit   .     d - +0 cloak
rCorr  .         Warding  .     i - +0 pair of gloves
rMut   .         Stasis   .     (no boots)
MR     .....                    (no amulet)
Stlth  +++.......               (no ring)
                                (no ring)

@: not resistant to hostile enchantments, fairly stealthy
A: carnivore 3
a: no special abilities


You were on level 3 of the Dungeon.
You were very full.

You visited 1 branch of the dungeon, and saw 3 of its levels.

You collected 88 gold pieces.

Inventory:

Hand weapons
 a - a +2 dagger
 b - a +0 blowgun (weapon)
Missiles
 e - 7 poisoned needles (quivered)
 f - 8 curare-tipped needles {=f}
 A - 3 needles of frenzy {=f}
Armour
 c - a +0 robe (worn)
 d - a +0 cloak (worn)
 i - a +0 pair of gloves (worn)
 n - a +0 helmet (worn)
 u - a cursed +0 ring mail
 w - a +2 robe of fire resistance
Jewellery
 x - an uncursed amulet of stasis
Scrolls
 j - 8 scrolls of identify {unknown}
 k - 3 scrolls of teleportation
 l - a scroll of fear {unknown}
 m - a scroll of remove curse
 p - a scroll of random uselessness {unknown}
 q - a scroll of fog {unknown}
 r - a scroll of amnesia {unknown}
 v - a scroll of immolation {unknown}
 y - a scroll of enchant armour {unknown}
Potions
 o - 4 potions of curing
 s - a potion of invisibility {unknown}
 t - 3 potions of haste
 z - a potion of brilliance {unknown}
Comestibles
 g - 2 meat rations
 h - a slice of pizza


   Skills:
 - Level 2.1 Fighting
 + Level 8.4 Short Blades
 - Level 2.6 Throwing
 - Level 1.2 Dodging
 - Level 5.3 Stealth


You had 5 spell levels left.
You didn't know any spells.

Dungeon Overview and Level Annotations

Branches:
Dungeon (3/15)

Altars:
Fedhas
Gozag
Makhleb


Innate Abilities, Weirdness & Mutations

You are small and have problems with some larger weapons.
You are carnivorous and can eat meat at any time.


Message History

You hit the orc priest but do no damage.
The orc closely misses you. The orc priest barely misses you.
You hit the orc priest.
The orc priest is lightly wounded.
The orc hits you with a dagger.
* * * LOW HITPOINT WARNING * * *
The orc hits you with a whip!
* * * LOW HITPOINT WARNING * * *
The orc closely misses you.
Wield which item (- for none, * to show all)? (? for menu, Esc to quit)
b - a +0 blowgun (weapon)
The orc closely misses you. The orc priest closely misses you.
Firing (i - inventory. (,) - cycle):
e - 8 poisoned needles (quivered)
Press: ? - help, Shift-Dir - straight line, f - orc
Aim: an orc, wielding a dagger You shoot a poisoned needle.
The poisoned needle completely misses the orc.
The orc hits you but does no damage. The orc closely misses you.
The orc misses you. The orc hits you with a hand axe.
You die...

#. # #.# # ...##.######
#..............#
#.##....$......#
#.#...≈≈≈......#
##.#...≈≈≈.ooo..#
#..$(..≈≈≈.o@or.#
#......≈≈≈..##b##
#.......⌠...## ..
#####............#.....
>................'......
.#...............#.....
#........###........#
#.#. #........#
###.##### #....
.###......#####.# #....


You could see an orc priest, 4 orcs, a bat and a rat.

Vanquished Creatures
  A centaur (D:3)
  2 orc wizards (D:3)
  Jessica (D:3)
  5 adders
  2 worms (D:2)
  3 orcs (D:3)
  A ball python (D:1)
  7 bats
  3 giant cockroaches (D:2)
  8 hobgoblins
  5 jackals
  2 quokkas (D:2)
  3 giant newts
  10 goblins
  7 kobolds
  7 rats
67 creatures vanquished.

Notes
Turn   | Place    | Note
--------------------------------------------------------------
     0 | D:1      | wojtek, the Kobold Assassin, began the quest for the Orb.
     0 | D:1      | Reached XP level 1. HP: 12/12 MP: 1/1
    58 | D:1      | Reached XP level 2. HP: 9/17 MP: 2/2
   888 | D:1      | Found a burning altar of Makhleb.
   993 | D:2      | Reached XP level 3. HP: 21/21 MP: 3/3
  1119 | D:2      | Found a blossoming altar of Fedhas.
  1268 | D:2      | Reached skill level 5 in Short Blades
  1393 | D:2      | Found an opulent altar of Gozag.
  1419 | D:2      | Reached XP level 4. HP: 21/26 MP: 4/4
  2104 | D:3      | Noticed Jessica
  2121 | D:3      | Killed Jessica
  2121 | D:3      | Reached skill level 6 in Short Blades
  2284 | D:3      | Reached XP level 5. HP: 30/30 MP: 5/5
  2840 | D:3      | Reached skill level 7 in Short Blades
  2990 | D:3      | Reached XP level 6. HP: 32/35 MP: 6/6
  3022 | D:3      | Noticed a centaur
  3049 | D:3      | HP: 1/35 [centaur (4)]
  3056 | D:3      | Killed a centaur
  3056 | D:3      | Reached skill level 8 in Short Blades
  3415 | D:3      | HP: 1/35 [orc/whip (9)]
  3417 | D:3      | Slain by an orc

Action                   |  1- 3 |  4- 6 || total
-------------------------+-------+-------++-------
Melee: Dagger            |    96 |   136 ||   232
 Fire: Blowgun           |       |    13 ||    13
  Use: Scroll            |       |     2 ||     2
       Potion            |       |     2 ||     2
 Stab: Sleeping          |    12 |    10 ||    22
  Eat: Chunk             |     9 |     6 ||    15
